 Dungeon Crawl Stone Soup version 0.31.0-9-g3a7656b989 (webtiles) character file.

Game seed: 11352110056125889100

255 qw the Spry (level 5, -6/22 (26) HPs)
             Began as a Spriggan Hunter on Feb 2, 2024.
             Mangled by Duvessa
             ... wielding a +1 rapier of draining
              (11 damage)
             ... on level 4 of the Dungeon.
             The game lasted 00:00:07 (2067 turns).

qw the Spry (Spriggan Hunter)                       Turns: 2067, Time: 00:00:08

HP:   -6/22 (26)    AC:  2    Str:  7    XL:     5   Next: 91%
MP:   6/6           EV: 31    Int: 10    God:
Gold: 222           SH:  0    Dex: 21    Spells: 4/4 levels left

rFire   . . .        a - +1 shortbow (flame)
rCold   . . .        (shield currently unavailable)
rNeg    . . .        c - +0 robe
rPois   .            (helmet restricted)
rElec   .            (no cloak)
rCorr   .            (gloves unavailable)
SInv    +            (boots unavailable)
Will    .....        (no amulet)
Stlth   ++           (no ring)
HPRegen 0.23/turn    (no ring)
MPRegen 0.10/turn

%: no passive effects
@: heavily drained, very quick
A: very small, no large weapons, unfitting armour, see invisible, speed 3
a: no special abilities


You were on level 4 of the Dungeon.
You visited 1 branch of the dungeon, and saw 4 of its levels.

You collected 222 gold pieces.


Innate Abilities, Weirdness & Mutations

You are very small and have problems with some larger weapons.
You are too small for most types of armour.
You have supernaturally acute eyesight. (SInv)
You cover ground extremely quickly. (Speed+++)


   Skills:
 - Level 2.0 Fighting
 + Level 5.2 Ranged Weapons
 - Level 15.0 Dodging
 - Level 1.5 Stealth


You had 4 spell levels left.
You didn't know any spells.
Your spell library was empty.

Inventory:

Hand Weapons
 a - a +1 shortbow of flaming (weapon)
Armour
 c - a +0 robe (worn)
Potions
 d - a potion of might
 f - 2 potions of curing

Dungeon Overview and Level Annotations

Branches:
Dungeon (4/15)
 Temple: D:4-7

Altars:
Cheibriados
Kikubaaqudgha
Makhleb
Ru
Sif Muna
Trog
Vehumet
Wu Jian
The Shining One

Annotations:
D:4 Duvessa


Message History

Press: ? - help, Q - select action, (/) - cycle Shift-Dir - straight line, f - Duvessa Duvessa easily resists.
The now-empty wand crumbles to dust.
You shoot an arrow. The arrow hits Duvessa.
The arrow burns Duvessa.
Duvessa is lightly wounded.
Duvessa completely misses you.
You shoot an arrow. The arrow hits Duvessa!
The arrow burns Duvessa.
Duvessa is moderately wounded.
Duvessa barely misses you. Duvessa completely misses you.
You shoot an arrow. The arrow hits Duvessa.
The arrow burns Duvessa.
Duvessa is moderately wounded.
Duvessa completely misses you. Duvessa misses you.
You shoot an arrow.
The arrow hits Duvessa but does no damage.
Duvessa is moderately wounded.
Duvessa completely misses you. Duvessa barely misses you.
You shoot an arrow. The arrow hits Duvessa.
The arrow burns Duvessa.
Duvessa is moderately wounded.
Duvessa completely misses you.
You shoot an arrow. The arrow barely misses Duvessa.
Duvessa hits you with a +1 rapier of draining.
You feel drained. Duvessa closely misses you.
You shoot an arrow. The arrow hits Duvessa.
The arrow burns Duvessa.
Duvessa is heavily wounded.
Duvessa hits you with a +1 rapier of draining!
You feel drained. Duvessa misses you.
You shoot an arrow. The arrow hits Duvessa.
The arrow burns Duvessa.
Duvessa is heavily wounded.
Duvessa completely misses you. x2
You shoot an arrow. The arrow closely misses Duvessa.
Duvessa closely misses you.
You shoot an arrow. The arrow barely misses Duvessa.
Duvessa hits you with a +1 rapier of draining!
You feel drained. Duvessa completely misses you.
You shoot an arrow.
The arrow hits Duvessa but does no damage.
Duvessa is heavily wounded.
Duvessa misses you.
Duvessa hits you with a +1 rapier of draining!
Ouch! That really hurt!
You die...

..P7 ..... ....
#..# #..# ##..#
######..e##########
........)@........#
##.#.'########+.#
#.#.#........#.#
#...#.'####+.#.#
###.#.#....#.#.#
#.#.#.##.#.#.#
#####.#.#.##.#.#.#
#.....#.#....#.#.#
#.###.#.'####+.#.#


You could see Duvessa (berserk).

Vanquished Creatures
  Dowan (D:4)
  A gnoll bouda (D:4)
  3 gnolls
  3 adders
  2 dart slugs
  An orc (D:4)
  2 ball pythons
  An endoplasm (D:1)
  5 giant cockroaches
  5 goblins
  5 hobgoblins
  A quokka (D:3)
  5 bats
  6 frilled lizards
  4 kobolds
  4 rats
49 creatures vanquished.

Notes
Turn   | Place    | Note
-------+----------+-------------------------------------------
     0 | D:1      | qw the Spriggan Hunter began the quest for the Orb.
     0 | D:1      | Reached XP level 1. HP: 10/10 MP: 2/2
     0 | D:1      | 0 ||| qw: Version: 0.3-a-155-g5e7d8dd
     0 | D:1      | 0 ||| qw: Game counter: 1068
     0 | D:1      | 0 ||| qw: Melee chars always use a shield: true
     0 | D:1      | 0 ||| qw: God list: Okawaru
     0 | D:1      | 0 ||| qw: Allow faded altars: false
     0 | D:1      | 0 ||| qw: Do Orc after clearing Dungeon:15 true
     0 | D:1      | 0 ||| qw: Do second Lair branch before Depths: true
     0 | D:1      | 0 ||| qw: Lair rune preference: random
     0 | D:1      | 0 ||| qw: Goals: Normal
     0 | D:1      | 0 ||| PLANNING D:1-11
    28 | D:1      | Reached skill level 3 in Dodging
   598 | D:1      | Reached XP level 2. HP: 14/14 MP: 3/3
   732 | D:1      | 732 ||| READING scroll labelled UKOLO PISA.
   733 | D:1      | 733 ||| READING scroll labelled AQASEURPH KYPSU.
   733 | D:1      | 733 ||| BRANDING +0 shortbow.
   734 | D:1      | 734 ||| DRINKING 2 clear potions.
   750 | D:1      | 750 ||| DROPPING scroll of butterflies.
   751 | D:1      | 751 ||| DROPPING potion of lignification.
   771 | D:2      | Reached skill level 4 in Dodging
   968 | D:2      | Reached XP level 3. HP: 18/18 MP: 4/4
  1172 | D:2      | Found a bloodstained altar of Trog.
  1251 | D:2      | 1251 ||| READING scroll labelled MOFES OFO JIKH.
  1251 | D:2      | 1251 ||| ENCHANTING +0 shortbow of freezing.
  1252 | D:2      | 1252 ||| READING scroll labelled GICUTS YNWYPYPS.
  1253 | D:2      | 1253 ||| READING scroll labelled VUOSEATREBLA.
  1308 | D:3      | Found a faded altar of an unknown god.
  1417 | D:3      | Found a sacrificial altar of Ru.
  1440 | D:3      | Found a glowing golden altar of the Shining One.
  1441 | D:3      | Found an ornate altar of the Wu Jian Council.
  1443 | D:3      | Found an ancient bone altar of Kikubaaqudgha.
  1443 | D:3      | Found a burning altar of Makhleb.
  1445 | D:3      | Found a snail-covered altar of Cheibriados.
  1448 | D:3      | Found a radiant altar of Vehumet.
  1449 | D:3      | Found a shimmering blue altar of Sif Muna.
  1554 | D:3      | 1554 ||| READING scroll of brand weapon.
  1554 | D:3      | 1554 ||| BRANDING +1 shortbow of freezing.
  1640 | D:3      | Reached XP level 4. HP: 22/22 MP: 5/5
  1800 | D:3      | 1800 ||| READING 3 scrolls labelled WAASU WETSE.
  1800 | D:3      | 1800 ||| IDENTIFYING viscous brown potion
  1801 | D:3      | 1801 ||| READING 2 scrolls of identify.
  1801 | D:3      | 1801 ||| IDENTIFYING silvery potion
  1802 | D:3      | 1802 ||| READING scroll of identify.
  1802 | D:3      | 1802 ||| IDENTIFYING purple potion
  1803 | D:3      | 1803 ||| DRINKING potion of experience.
  1803 | D:3      | Reached skill level 15 in Dodging
  1803 | D:3      | Reached XP level 5. HP: 25/25 MP: 6/6
  1804 | D:3      | 1804 ||| READING scroll labelled UVIAWK TAAMM.
  1805 | D:3      | 1805 ||| DRINKING 2 sedimented dark potions.
  1806 | D:3      | 1806 ||| DROPPING potion of brilliance.
  1829 | D:4      | 1829 ||| STAIRDANCE
  1966 | D:4      | Noticed Dowan
  1969 | D:4      | 1969 ||| FLEEEEING.
  1970 | D:4      | 1970 ||| FLEEEEING.
  1971 | D:4      | 1971 ||| FLEEEEING.
  1972 | D:4      | 1972 ||| FLEEEEING.
  1973 | D:4      | 1973 ||| FLEEEEING.
  1974 | D:4      | 1974 ||| FLEEEEING.
  1975 | D:4      | 1975 ||| FLEEEEING.
  1976 | D:4      | 1976 ||| FLEEEEING.
  1978 | D:4      | 1978 ||| FLEEEEING.
  1979 | D:4      | 1979 ||| FLEEEEING.
  1981 | D:4      | 1981 ||| FLEEEEING.
  1982 | D:4      | 1982 ||| FLEEEEING.
  1983 | D:4      | 1983 ||| FLEEEEING.
  1985 | D:4      | 1985 ||| FLEEEEING.
  1994 | D:4      | Killed Dowan
  2055 | D:4      | Noticed Duvessa
  2056 | D:4      | 2056 ||| ZAPPING wand of paralysis (1) at -2,-3 (Duvessa;
                  | floor).
  2066 | D:4      | HP: 5/23 [Duvessa/+1 rapier of draining (11)]
  2067 | D:4      | Mangled by Duvessa

Levels and vault maps discovered:
D:1:      wander_arrival_lonely_grave, layout_basic, minivault_14,
          nicolae_figureground_pulse
D:2:      cheibrodos_old_hovel, layout_basic, basic_altar, chequers_jeans
D:3:      layout_loops_ring, grunt_temple_overflow_open,
          mainiacjoe_overflow_catwalk, ebering_ecumenical_altar_hall,
          chequers_serial_rivers_small_3
D:4:      layout_loops_ring, lemuel_round_altar, serial_park_tiny_1,
          minivault_11, uniq_duvessa, uniq_pikel

Skill      XL: |  1  2  3  4  5 |
---------------+----------------+-----
Dodging        | 3 4 15 | 15.0
Ranged Weapons | 5 |  5.2
Fighting       | 2 |  2.0
Stealth        | |  1.5

Action                     |  1- 3 |  4- 6 || total
---------------------------+-------+-------++-------
   Fire: Shortbow          |    86 |    38 ||   124
  Evoke: Wand              |       |     1 ||     1
    Use: Scroll            |     6 |     4 ||    10
         Potion            |     1 |     2 ||     3
 Armour: Robe              |     8 |     5 ||    13
  Dodge: Dodged            |    25 |    19 ||    44

Table legend:
 A = Non-vault XP
 B = Vault XP
 C = Vault XP percentage of total XP
 D = Non-vault monster count
 E = Vault monster count
 F = Vault count percentage of total count
                 A         B        C        D         E       F
            +---------+---------+-------+---------+---------+-------
      Total |     192 |      71 |  27.0 |      47 |       2 |   4.1
            +---------+---------+-------+---------+---------+-------
        D:1 |      16 |       0 |   0.0 |      10 |       0 |   0.0
        D:2 |      47 |       2 |   4.1 |      14 |       1 |   6.7
        D:3 |      50 |       0 |   0.0 |      17 |       0 |   0.0
        D:4 |      79 |      69 |  46.6 |       6 |       1 |  14.3
            +---------+---------+-------+---------+---------+-------
